 Dungeon Crawl Stone Soup version 0.14-a0-1546-g4b4961f (webtiles) character file.

181 M4edhros the Poker (level 4, 0/31 HPs)
             Began as an Octopode Chaos Knight on Dec 19, 2013.
             Was a Plaything of Xom.
             Succumbed to a giant centipede's poison
             ... on Level 2 of the Dungeon.
             The game lasted 00:01:16 (780 turns).

M4edhros the Poker (Octopode Chaos Knight)           Turns: 780, Time: 00:01:16

HP   0/31        AC  1     Str 11      XL: 4   Next: 26%
MP   4/4         EV 11     Int 20      God: Xom
Gold 109         SH  6     Dex 11      Spells:  0 memorised,  3 levels left

rFire  . . .     SeeInvis .     a - +0 spear (chaos)
rCold  . . .     Clarity  .     l - +0 buckler
rNeg   . . .     Conserve .     (helmet restricted)
rPois  .         rCorr    .     (no amulet)
rElec  .         rRot     .     (no ring)
SustAb . .       Spirit   .     (no ring)
rMut   .         Warding  .     (no ring)
Saprov . . .     Stasis   .     (no ring)
                                (no ring)
                                (no ring)
                                (no ring)
                                (no ring)

@: brilliant, very poisoned, slightly resistant to hostile enchantments, fairly
stealthy
A: almost no armour, amphibious, 8 rings, constrict 8, camouflage 1, gelatinous
body 1
a: Renounce Religion


You were on level 2 of the Dungeon.
You worshipped Xom.
You were a toy of Xom.
You were not hungry.

You visited 1 branch of the dungeon, and saw 2 of its levels.

You collected 109 gold pieces.

Inventory:

Hand weapons
 a - a +0,+0 spear of chaos (weapon)
Armour
 l - a +0 buckler (worn)
Comestibles
 c - 2 bread rations
 m - a meat ration
 n - a choko
Scrolls
 b - a scroll of noise {unknown}
 d - a scroll of enchant weapon I {unknown}
 e - a scroll of immolation {unknown}
 f - a scroll of magic mapping {unknown}
 g - 5 scrolls of remove curse {unknown}
 h - 2 scrolls of identify {unknown}
 i - a scroll of fog {unknown}
Potions
 p - 2 potions of might


   Skills:
 - Level 3.0 Fighting
 + Level 5.0 Polearms
 - Level 2.3 Dodging


You had 3 spell levels left.
You didn't know any spells.

Dungeon Overview and Level Annotations

Branches:
Dungeon (2/16)

Altars:
Elyvilon


Innate Abilities, Weirdness & Mutations

You cannot wear most types of armour.
You are amphibious.
You can wear up to eight rings at the same time.
You can use your tentacles to constrict many enemies at once.
Your skin changes colour to match your surroundings (Stlth).
Your rubbery body absorbs attacks (AC +1).


Message History

It was a potion of brilliance.
* * * LOW HITPOINT WARNING * * *
You feel very sick.
Drink which item? (? for menu, Esc to quit)
You feel your strength returning.
It was a potion of restore abilities.
* * * LOW HITPOINT WARNING * * *
You feel sick.
You start resting.
* * * LOW HITPOINT WARNING * * *
You feel sick.
You start resting.
* * * LOW HITPOINT WARNING * * *
You feel sick.
You start resting.
* * * LOW HITPOINT WARNING * * *
You feel sick.
You feel a little better.
You start resting.
You die...
Xom howls with laughter!

######### #.#.
#.......# #...
#.......# ##.#.
#.......###### #....
#.......#....# #..#.
#.......#....# # #)...
#............#.###
#..#.
#...>..)...........
+.... #......%.@.%...)#
#...#
##########'###..)####.#
##### #.......##.#
###.# . #..........#
#.# #######
##..........#####'###
#......
..........).##......#
#.#####
............##......#
#.#
............##......#
#.#
............##......#
#.#


There were no monsters in sight!

Vanquished Creatures
  Terence (D:2)
  A giant centipede (D:2)
  An adder (D:2)
  A giant mite (D:2)
  A worm (D:2)
  A giant gecko (D:2)
  2 oozes (D:1)
  3 bats
  4 goblins
  2 hobgoblins (D:2)
  4 jackals (D:2)
  4 kobolds
  2 giant cockroaches (D:1)
  2 giant newts
  6 rats
35 creatures vanquished.

Notes
Turn   | Place    | Note
--------------------------------------------------------------
     0 | D:1      | M4edhros, the Octopode Chaos Knight, began the quest for the Orb.
     0 | D:1      | Reached XP level 1. HP: 16/16 MP: 1/1
   153 | D:1      | Reached XP level 2. HP: 19/21 MP: 2/2
   314 | D:1      | XOM: harmless Necr miscast
   429 | D:1      | XOM: divination: detect creatures
   441 | D:2      | Noticed Terence
   442 | D:2      | Found a white marble altar of Elyvilon.
   447 | D:2      | Killed Terence
   447 | D:2      | Reached skill level 4 in Polearms
   447 | D:2      | Reached XP level 3. HP: 26/26 MP: 3/3
   685 | D:2      | Reached XP level 4. HP: 25/31 MP: 4/4
   762 | D:2      | XOM: confuse monster(s)
   774 | D:2      | Reached skill level 5 in Polearms
   779 | D:2      | HP: 1/31 [poisoned by a giant centipede]
   780 | D:2      | Succumbed to a giant centipede's poison

Action                   |  1- 3 |  4- 6 || total
-------------------------+-------+-------++-------
Melee: Spear             |    75 |    21 ||    96
  Use: Potion            |     5 |     2 ||     7
 Stab: Sleeping          |     3 |     1 ||     4
       Confused          |     1 |     1 ||     2
